NCAA
NORTHWESTERN WILDCATS @ RUTGERS SCARLET KNIGHTS
04/27/2023
 
TOP OF THE 1ST
Northwestern Wildcats batting - Pitching for Rutgers Scarlet Knights : RHP James Jones
Pitching: RHP James Jones
Batting: RHB Pablo Velásquez 0-0: Called Strike
0-1: Foul Ball, location: 2F
0-2: Ball
1-2: Ball
2-2: Ball
3-2: Foul Ball, location: 2F
3-2: Foul Ball, location: 2F
3-2: Strikes out swinging
Batting: RHB John Miller 0-0: Foul Ball, location: 2F
0-1: Ground out 1-3 (Groundball, 23)
Batting: SHB Arnold Maddox 0-0: Fly out, F8 (Flyball, 78M)
Top of the 1st over - 0 run(s), 0 hit(s), 0 error(s), 0 left on base; Northwestern 0 - Rutgers 0
BOTTOM OF THE 1ST
Rutgers Scarlet Knights batting - Pitching for Northwestern Wildcats : RHP Michael Peterson
Pitching: RHP Michael Peterson
Batting: RHB Ed Ward 0-0: Ball
1-0: Swinging Strike
1-1: Foul Ball, location: 2F
1-2: Strikes out swinging
Batting: SHB Kevin Shelton 0-0: Ball
1-0: Swinging Strike
1-1: Foul Ball, location: 2F
1-2: Ball
2-2: SINGLE (Line Drive, 78S)
Batting: RHB Jeremy Clark 0-0: Swinging Strike
0-1: Called Strike
0-2: Ball
1-2: Strikes out swinging
Batting: SHB William Daly 0-0: Swinging Strike
0-1: Ball
1-1: Ball
2-1: DOUBLE (Line Drive, 78M)
Kevin Shelton to third
Runner from 3rd tries for Home, SAFE, no throw or cutoff
Batting: LHB Bob Dunham 0-0: Foul Ball, location: 2F
0-1: Fly out, F6 (Popup, 6D)
Bottom of the 1st over - 1 run(s), 2 hit(s), 0 error(s), 1 left on base; Northwestern 0 - Rutgers 1
TOP OF THE 2ND
Northwestern Wildcats batting - Pitching for Rutgers Scarlet Knights : RHP James Jones
Batting: RHB Robbie Davis 0-0: Ball
1-0: Ball
2-0: Called Strike
2-1: Ball
3-1: SINGLE (Line Drive, 6MD)
Batting: RHB Woody Hall 0-0: Foul Ball, location: 2F
0-1: Foul Ball, location: 2F
0-2: Ball
1-2: Ball
2-2: Fly out, F9 (Popup, 8RS)
Batting: RHB Truman Younger 0-0: Ball
1-0: Ball
2-0: Fly out, F8 (Flyball, 8LM)
Batting: RHB Howard Russell 0-0: Ball
1-0: Called Strike
1-1: Ball
2-1: Foul Ball, location: 2F
2-2: Foul Ball, location: 2F
2-2: Ground out 1-3 (Groundball, 13S)
Top of the 2nd over - 0 run(s), 1 hit(s), 0 error(s), 1 left on base; Northwestern 0 - Rutgers 1
BOTTOM OF THE 2ND
Rutgers Scarlet Knights batting - Pitching for Northwestern Wildcats : RHP Michael Peterson
Batting: RHB Darren Steele 0-0: Foul Ball, location: 2F
0-1: Ball
1-1: Fly out, F7 (Flyball, 78M)
Batting: RHB John Patterson 0-0: Called Strike
0-1: SINGLE (Flyball, 8LS)
Batting: RHB Buddy Brown 0-0: Called Strike
0-1: Ball
1-1: Swinging Strike
1-2: Fielders Choice at 2nd, 6-4 (Groundball, 56)
Batting: RHB Chris Vásquez 0-0: Foul Ball, location: 2F
0-1: Swinging Strike
0-2: Ball
1-2: Ball
2-2: Foul Ball, location: 2F
2-2: Strikes out looking
Bottom of the 2nd over - 0 run(s), 1 hit(s), 0 error(s), 1 left on base; Northwestern 0 - Rutgers 1
TOP OF THE 3RD
Northwestern Wildcats batting - Pitching for Rutgers Scarlet Knights : RHP James Jones
Batting: RHB Thomas Brennan 0-0: Ball
1-0: Called Strike
1-1: Foul Ball, location: 2F
1-2: Foul Ball, location: 2F
1-2: Ball
2-2: Strikes out swinging
Batting: SHB Tim Taylor 0-0: Swinging Strike
0-1: Ball
1-1: Ball
2-1: Swinging Strike
2-2: Strikes out swinging
Batting: RHB Pablo Velásquez 0-0: Ball
1-0: Ball
Single, Error in OF, E8, batter to second base
Batting: RHB John Miller 0-0: Foul Ball, location: 2F
0-1: Ball
1-1: Fly out, F9 (Flyball, 9M)
Top of the 3rd over - 0 run(s), 1 hit(s), 1 error(s), 1 left on base; Northwestern 0 - Rutgers 1
BOTTOM OF THE 3RD
Rutgers Scarlet Knights batting - Pitching for Northwestern Wildcats : RHP Michael Peterson
Batting: RHB Ed Ward 0-0: Ball
1-0: Called Strike
1-1: SINGLE (Line Drive, 56D)
Batting: SHB Kevin Shelton 0-0: Called Strike
0-1: Called Strike
0-2: Ball
1-2: Foul Ball, location: 2F
1-2: SINGLE (Line Drive, 78M)
Ed Ward to second
Batting: RHB Jeremy Clark 0-0: Swinging Strike
0-1: Ball
Ed Ward steals 3rd base
Kevin Shelton to second
1-1: Foul Ball, location: 2F
1-2: Foul Ball, location: 2F
1-2: Strikes out swinging
Batting: SHB William Daly 0-0: Foul Ball, location: 2F
0-1: Swinging Strike
0-2: Ball
1-2: Foul Ball, location: 2F
1-2: Strikes out swinging
Batting: LHB Bob Dunham 0-0: Called Strike
0-1: SINGLE (Line Drive, 78S)
Ed Ward scores
Kevin Shelton to third
Runner from 3rd tries for Home, SAFE, no throw or cutoff
Batting: RHB Darren Steele 0-0: Ball
1-0: Called Strike
1-1: Swinging Strike
1-2: Ground out 6-3 (Groundball, 6)
Bottom of the 3rd over - 2 run(s), 3 hit(s), 0 error(s), 1 left on base; Northwestern 0 - Rutgers 3
TOP OF THE 4TH
Northwestern Wildcats batting - Pitching for Rutgers Scarlet Knights : RHP James Jones
Batting: SHB Arnold Maddox 0-0: Foul Ball, location: 2F
0-1: Fly out, F8 (Flyball, 8RXD)
Batting: RHB Robbie Davis 0-0: Called Strike
0-1: Ball
1-1: Swinging Strike
1-2: Strikes out swinging
Batting: RHB Woody Hall 0-0: SINGLE (Line Drive, 56)
Batting: RHB Truman Younger 0-0: Ball
Woody Hall steals 2nd base
1-0: Ball
2-0: SINGLE (Line Drive, 3D)
Woody Hall to third
Runner from 3rd tries for Home, SAFE, no throw or cutoff
Batting: RHB Howard Russell 0-0: Ball
1-0: Foul Ball, location: 2F
Balk!
Truman Younger to second
1-1: Called Strike
1-2: Fly out, F7 (Flyball, 78M)
Top of the 4th over - 1 run(s), 2 hit(s), 0 error(s), 1 left on base; Northwestern 1 - Rutgers 3
BOTTOM OF THE 4TH
Rutgers Scarlet Knights batting - Pitching for Northwestern Wildcats : RHP Michael Peterson
Batting: RHB John Patterson 0-0: Ground out 2-3 (Groundball, 2R)
Batting: RHB Buddy Brown 0-0: Called Strike
0-1: Ball
1-1: Ball
2-1: Ball
3-1: Called Strike
3-2: Base on Balls
Batting: RHB Chris Vásquez 0-0: Ball
1-0: SINGLE (Groundball, 6M)
Buddy Brown to second
Runner from 2nd tries for 3rd, SAFE, throw made to third
Batting: RHB Ed Ward 0-0: Ball
1-0: Called Strike
1-1: SINGLE (Line Drive, 8LS)
Buddy Brown scores
Chris Vásquez to second
Batting: SHB Kevin Shelton 0-0: Ball
1-0: SINGLE (Groundball, 56D)
Chris Vásquez to third
Ed Ward to second
Batting: RHB Jeremy Clark 0-0: Foul Ball, location: 2F
0-1: Ground out 5-3 (Groundball, 56S)
Chris Vásquez scores
Ed Ward to third
Kevin Shelton to second
Batting: SHB William Daly 0-0: Ball
1-0: Ball
2-0: Called Strike
2-1: Foul Ball, location: 2F
2-2: Strikes out looking
Bottom of the 4th over - 2 run(s), 3 hit(s), 0 error(s), 2 left on base; Northwestern 1 - Rutgers 5
TOP OF THE 5TH
Northwestern Wildcats batting - Pitching for Rutgers Scarlet Knights : RHP James Jones
Batting: RHB Thomas Brennan 0-0: Foul Ball, location: 2F
0-1: Swinging Strike
0-2: Strikes out swinging
Batting: SHB Tim Taylor 0-0: Called Strike
0-1: Ball
1-1: Foul Ball, location: 2F
1-2: Foul Ball, location: 2F
1-2: Strikes out looking
Batting: RHB Pablo Velásquez 0-0: Ball
1-0: Ball
2-0: Called Strike
2-1: Ball
3-1: Foul Ball, location: 2F
3-2: Strikes out swinging
Top of the 5th over - 0 run(s), 0 hit(s), 0 error(s), 0 left on base; Northwestern 1 - Rutgers 5
BOTTOM OF THE 5TH
Rutgers Scarlet Knights batting - Pitching for Northwestern Wildcats : RHP Michael Peterson
Batting: LHB Bob Dunham 0-0: Foul Ball, location: 2F
0-1: Foul Ball, location: 2F
0-2: Ball
1-2: Ball
2-2: Foul Ball, location: 2F
2-2: Foul Ball, location: 2F
2-2: Strikes out swinging
Pitching: RHP Daniel Washington
Batting: RHB Darren Steele 0-0: Called Strike
0-1: Ball
1-1: Ball
2-1: Foul Ball, location: 2F
2-2: Ball
3-2: Base on Balls
Batting: RHB John Patterson 0-0: Swinging Strike
0-1: Ball
1-1: Ball
2-1: Foul Ball, location: 2F
2-2: SINGLE (Groundball, 5)
Darren Steele to second
Batting: RHB Buddy Brown 0-0: Called Strike
0-1: Foul Ball, location: 2F
0-2: Ball
1-2: Fly out, F9 (Flyball, 89M)
Batting: RHB Chris Vásquez 0-0: Called Strike
0-1: Ball
1-1: Foul Ball, location: 2F
1-2: Ball
2-2: Foul Ball, location: 2F
2-2: Strikes out swinging
Bottom of the 5th over - 0 run(s), 1 hit(s), 0 error(s), 2 left on base; Northwestern 1 - Rutgers 5
TOP OF THE 6TH
Northwestern Wildcats batting - Pitching for Rutgers Scarlet Knights : RHP James Jones
Batting: RHB John Miller 0-0: Ball
1-0: Fly out, F8 (Flyball, 8RM)
Batting: SHB Arnold Maddox 0-0: SINGLE (Groundball, 23) (infield hit)
Batting: RHB Robbie Davis 0-0: Called Strike
0-1: Ball
Arnold Maddox is caught stealing 2nd base
1-1: Called Strike
1-2: Ground out 4-3 (Groundball, 4S)
Top of the 6th over - 0 run(s), 1 hit(s), 0 error(s), 0 left on base; Northwestern 1 - Rutgers 5
BOTTOM OF THE 6TH
Rutgers Scarlet Knights batting - Pitching for Northwestern Wildcats : RHP Daniel Washington
Batting: RHB Ed Ward 0-0: SINGLE (Groundball, 6)
Batting: SHB Kevin Shelton 0-0: Foul Ball, location: 2F
0-1: Called Strike
0-2: Ball
1-2: Ball
2-2: Strikes out swinging
Batting: RHB Jeremy Clark 0-0: Ball
1-0: Swinging Strike
1-1: Fly out, F8 (Flyball, 78M)
Batting: SHB William Daly 0-0: Ball
1-0: Fly out, F8 (Flyball, 8LM)
Bottom of the 6th over - 0 run(s), 1 hit(s), 0 error(s), 1 left on base; Northwestern 1 - Rutgers 5
TOP OF THE 7TH
Northwestern Wildcats batting - Pitching for Rutgers Scarlet Knights : RHP James Jones
Pitching: RHP Juan Fonseca
Batting: RHB Woody Hall 0-0: Fly out, F3 (Popup, 3L)
Batting: RHB Truman Younger 0-0: Called Strike
0-1: Ball
1-1: Swinging Strike
1-2: Foul Ball, location: 2F
1-2: Foul Ball, location: 2F
1-2: Ball
2-2: Strikes out swinging
Batting: RHB Howard Russell 0-0: Called Strike
0-1: Swinging Strike
0-2: Ball
1-2: Ball
2-2: Strikes out swinging
Top of the 7th over - 0 run(s), 0 hit(s), 0 error(s), 0 left on base; Northwestern 1 - Rutgers 5
BOTTOM OF THE 7TH
Rutgers Scarlet Knights batting - Pitching for Northwestern Wildcats : RHP Daniel Washington
Batting: LHB Bob Dunham 0-0: Swinging Strike
0-1: Ball
1-1: Ball
2-1: Ground out 4-3 (Groundball, 4)
Pitching: LHP Terry Dukes
Batting: RHB Darren Steele 0-0: Ball
1-0: Called Strike
1-1: Ball
2-1: Ball
3-1: SINGLE (Flyball, 8RS)
Batting: RHB John Patterson 0-0: Ball
1-0: Ball
2-0: Ball
3-0: Base on Balls
Darren Steele to second
Batting: RHB Buddy Brown 0-0: Called Strike
0-1: Called Strike
0-2: Ball
1-2: Fly out, F5 (Popup, 25F)
Batting: RHB Chris Vásquez 0-0: Ball
1-0: Foul Ball, location: 2F
1-1: Foul Ball, location: 2F
1-2: Ball
2-2: Ball
3-2: Foul Ball, location: 2F
3-2: Strikes out swinging
Bottom of the 7th over - 0 run(s), 1 hit(s), 0 error(s), 2 left on base; Northwestern 1 - Rutgers 5
TOP OF THE 8TH
Northwestern Wildcats batting - Pitching for Rutgers Scarlet Knights : RHP Juan Fonseca
Batting: RHB Thomas Brennan 0-0: Ball
1-0: Ball
2-0: Ball
3-0: Called Strike
3-1: Base on Balls
Batting: SHB Tim Taylor 0-0: Called Strike
0-1: Ball
1-1: Grounds into double play, 5-4-3 (Groundball, 56)
Batting: RHB Pablo Velásquez 0-0: Ball
1-0: Swinging Strike
1-1: Called Strike
1-2: Strikes out swinging
Top of the 8th over - 0 run(s), 0 hit(s), 0 error(s), 0 left on base; Northwestern 1 - Rutgers 5
BOTTOM OF THE 8TH
Rutgers Scarlet Knights batting - Pitching for Northwestern Wildcats : LHP Terry Dukes
Batting: RHB Ed Ward 0-0: Called Strike
0-1: Ground out 6-3 (Groundball, 6M)
Batting: SHB Kevin Shelton 0-0: Ball
1-0: Called Strike
1-1: Foul Ball, location: 2F
1-2: Strikes out swinging
Batting: RHB Jeremy Clark 0-0: Ball
1-0: Foul Ball, location: 2F
1-1: Foul Ball, location: 2F
1-2: Strikes out looking
Bottom of the 8th over - 0 run(s), 0 hit(s), 0 error(s), 0 left on base; Northwestern 1 - Rutgers 5
TOP OF THE 9TH
Northwestern Wildcats batting - Pitching for Rutgers Scarlet Knights : RHP Juan Fonseca
Batting: RHB John Miller 0-0: Ball
1-0: Called Strike
1-1: Swinging Strike
1-2: Strikes out swinging
Batting: SHB Arnold Maddox 0-0: Ball
1-0: Foul Ball, location: 2F
1-1: Ball
2-1: Swinging Strike
2-2: Fly out, F7 (Flyball, 7M)
Batting: RHB Robbie Davis 0-0: Ball
1-0: Foul Ball, location: 2F
1-1: Fly out, F9 (Flyball, 89D)
Top of the 9th over - 0 run(s), 0 hit(s), 0 error(s), 0 left on base; Northwestern 1 - Rutgers 5
This league is powered by Out of the Park Baseball, the baseball management simulation game for PC, Mac and Linux
Wednesday, December 2nd, 2015 - OOTP Baseball 16.8 Build 38